 Dungeon Crawl Stone Soup version 0.29.0-4-gdea44cf6ec (webtiles) character file.

Game seed: 7350364010682658238

39 qw the Sneak (level 3, -1/23 HPs)
             Began as a Gargoyle Delver on Sept 10, 2022.
             Slain by a howler monkey (3 damage)
             ... on level 4 of the Dungeon.
             The game lasted 00:00:05 (408 turns).

qw the Sneak (Gargoyle Delver)                       Turns: 408, Time: 00:00:05

Health: -1/23      AC:  6    Str: 17    XL:     3   Next: 45%
Magic:  3/3        EV: 11    Int: 10    God:
Gold:   8          SH:  0    Dex: 11    Spells: 2/2 levels left

rFire   . . .      SeeInvis .   a - +0 hand axe
rCold   . . .      Faith    .   (no shield)
rNeg    + . .      Spirit   .   b - +0 leather armour
rPois   inf        Reflect  .   (no helmet)
rElec   +          Harm     .   (no cloak)
rCorr   .          Rampage  .   (no gloves)
Will    .....                   (no boots)
Stlth   +++.......              (no amulet)
HPRegen 0.07/turn               (no ring)
MPRegen 0.08/turn               (no ring)

@: no status effects
A: sickness immunity, AC +3, negative energy resistance 1, electricity
resistance, torment resistance 1, petrification resistance
a: no special abilities


You were on level 4 of the Dungeon.
You visited 1 branch of the dungeon, and saw 2 of its levels.

You collected 8 gold pieces.


Innate Abilities, Weirdness & Mutations

You are immune to sickness and miasma.
Your stone body is resilient. (AC +3)
You are immune to poison.
You resist negative energy. (rN+)
You are resistant to electric shocks. (rElec)
You are resistant to unholy torment.
You are immune to petrification.


   Skills:
 - Level 3.2 Fighting
 + Level 3.4 Axes
 - Level 1.5 Dodging
 - Level 5.4 Stealth


You had 2 spell levels left.
You didn't know any spells.
Your spell library was empty.

Inventory:

Hand Weapons
 a - a +0 hand axe (weapon)
Armour
 b - a +0 leather armour (worn)
Wands
 g - a wand of digging (3)
Potions
 f - a potion of haste

Dungeon Overview and Level Annotations

Branches:
Dungeon (5/15)
 Temple: D:4-7

Altars:


Message History

The jackal bites you. The gnoll hits you but does no damage.
The howler monkey hoots and howls with incredible vigour!
The jackal barely misses you. x3
You hit the howler monkey but do no damage.
The howler monkey is almost dead.
You barely miss the jackal. You closely miss the jackal. You hit the jackal.
The jackal closely misses you. The howler monkey closely misses you.
The gnoll closely misses you. The jackal closely misses you.
The jackal completely misses you. The jackal bites you.
The howler monkey hits you but does no damage.
You closely miss the howler monkey.
The howler monkey is almost dead.
You hit the jackal. You closely miss the jackal. You barely miss the jackal.
The jackal closely misses you. The jackal bites you.
The gnoll hits you but does no damage.
A goblin comes into view. It is wielding a +0 dagger.
The jackal bites you but does no damage. x3
The howler monkey hits you. The jackal closely misses you.
The gnoll hits you from afar with a +0 spear.
A gnoll comes into view. It is wielding a +0 club.
You hit the howler monkey but do no damage.
The howler monkey is almost dead.
You closely miss the jackal. You hit the jackal. x2
You closely miss the jackal. The jackal completely misses you.
The jackal barely misses you.
The jackal bites you. x2; The howler monkey closely misses you.
The gnoll closely misses you. The jackal barely misses you.
The jackal misses you. The jackal bites you.
You hit the howler monkey.
The howler monkey is almost dead.
You barely miss the jackal. You closely miss the jackal. You hit the jackal. x2
You kill the jackal!
The jackal barely misses you.
The howler monkey hoots and howls with incredible vigour!
The jackal barely misses you. The jackal closely misses you.
The jackal bites you but does no damage.
The gnoll hits you from afar with a +0 spear.
A gnoll comes into view. It is wielding a +0 spear.
The howler monkey hits you.
You die...

!.......#
.......g.#
.........#
.......g.##
.......... <.
.........# #...
.......g.##.....
(.....h$>..g....
.....gh@........
......h%h...#.##
.........##...#
.........# ..##
....##...# .#
.... #...) # ...
#...# .. #...#


You could see a howler monkey (catching breath), 3 gnolls, 3 jackals and 2
goblins.

Vanquished Creatures
  A jelly (D:5)
  An adder (D:5)
  A jackal (D:4)
3 creatures vanquished.

Notes
Turn   | Place    | Note
-------+----------+-------------------------------------------
     0 | D:5      | qw the Gargoyle Delver began the quest for the Orb.
     0 | D:5      | Reached XP level 1. HP: 14/14 MP: 1/1
     0 | D:5      | 0 ||| qw: Version: 0.1-a-116-g5d60599
     0 | D:5      | 0 ||| qw: Game counter: 8428
     0 | D:5      | 0 ||| qw: Always use a shield: true
     0 | D:5      | 0 ||| qw: God list: Okawaru
     0 | D:5      | 0 ||| qw: Allow faded altars: false
     0 | D:5      | 0 ||| qw: Do Orc after D:15 true
     0 | D:5      | 0 ||| qw: Do second Lair branch before Depths: true
     0 | D:5      | 0 ||| qw: Lair rune preference: random
     0 | D:5      | 0 ||| qw: Plans: Normal
     0 | D:5      | 0 ||| PLANNING D:1-11
     3 | D:5      | Noticed a jelly
     4 | D:5      | 4 ||| Stepping ~*~*~tactically~*~*~ (stealth).
    16 | D:5      | HP: 1/14 [acid (5)]
    16 | D:5      | Killed a jelly
    17 | D:5      | Reached skill level 3 in Axes
    17 | D:5      | Reached XP level 2. HP: 2/19 MP: 2/2
    17 | D:5      | Reached XP level 3. HP: 2/23 MP: 3/3
   385 | D:5      | 385 ||| DROPPING scroll of fog.
   386 | D:5      | 386 ||| DROPPING scroll of magic mapping.
   387 | D:5      | 387 ||| DROPPING scroll of fear.
   407 | D:4      | HP: 5/23 [jackal (1)]
   408 | D:4      | HP: 2/23 [gnoll/+0 spear (3)]
   408 | D:4      | Slain by a howler monkey

Levels and vault maps discovered:
D:4:      layout_rooms, nicolae_overflow_hidden_temple,
          minmay_temple_entry_ruins, serial_shops, nicolae_take_the_stairs
D:5:      layout_loops_ring

Skill      XL: |  1 |
---------------+----+-----
Axes           | 3 |  3.4
Fighting       | |  3.2
Dodging        | |  1.5
Stealth        | |  5.4

Action                   || total
-------------------------++-------
Melee: Hand axe          ||    29
       Punch             ||     1
Armor: Leather armour    ||    24
Dodge: Dodged            ||    35

Table legend:
 A = Non-vault XP
 B = Vault XP
 C = Vault XP percentage of total XP
 D = Non-vault monster count
 E = Vault monster count
 F = Vault count percentage of total count
                 A         B        C        D         E       F
            +---------+---------+-------+---------+---------+-------
      Total |      58 |       0 |   0.0 |       3 |       0 |   0.0
            +---------+---------+-------+---------+---------+-------
        D:4 |       2 |       0 |   0.0 |       1 |       0 |   0.0
        D:5 |      56 |       0 |   0.0 |       2 |       0 |   0.0
            +---------+---------+-------+---------+---------+-------
